Map: Hard Lead LE

Players

Rhizer

  • Race: Protoss Protoss
  • Spawn Location: 11:00

DnS - Winner!

  • Race: Protoss Protoss
  • Spawn Location: 5:00

Event: ESL SC2 Masters 2023 Winter (Finals)

VOD

Have the link to the VOD?

Description

Time

  • Played on: Dec. 15, 2023, 11:13 a.m.
  • Length: 4:52

All games in this series

Show
View Real Time Build Order
Export as new Build Order

Rhizer Protoss 

Build Orders:  

Get SALT Encoding   

  12  0:00  Probe  
  13  0:12  Probe  
  14  0:20  Pylon  
  14  0:24  Probe  
  15  0:38  Probe (Chrono Boost)  
  15  0:39  Gateway  
  16  0:47  Assimilator, Probe (Chrono Boost)  
  17  0:52  Probe (Chrono Boost)  
  17  0:55  Assimilator  
  18  1:04  Probe  
  18  1:09  Gateway  
  19  1:16  Probe  
  20  1:26  Cybernetics Core  
  20  1:34  Probe  
  21  1:44  Pylon  
  21  1:46  Probe  
  23  2:02  Stalker x2  
  23  2:06  Robotics Facility  
  26  2:09  Probe  
  26  2:10  Warp Gate (Chrono Boost)  
  27  2:20  Pylon  
  27  2:35  Stalker  
  29  2:37  Stalker  
  31  2:53  Immortal (Chrono Boost)  
  35  3:09  Pylon  
  35  3:18  Probe  
  34  3:24  Warp Prism (Chrono Boost)  
  34  3:58  Stalker x2  
  38  4:02  Gateway  
  38  4:05  Probe  
  39  4:10  Observer (Chrono Boost)  
  39  4:15  Pylon  
  34  4:21  Stalker x2  
Show
View Real Time Build Order
Export as new Build Order

DnS Protoss - Winner!

Build Orders: Phoenix Opening 

Get SALT Encoding   

  12  0:00  Probe  
  13  0:12  Probe  
  14  0:17  Pylon  
  14  0:24  Probe (Chrono Boost)  
  15  0:36  Gateway, Probe (Chrono Boost)  
  16  0:44  Probe (Chrono Boost)  
  16  0:45  Assimilator  
  17  0:50  Probe  
  17  0:54  Assimilator  
  18  1:03  Probe (Chrono Boost)  
  19  1:06  Gateway  
  20  1:12  Probe (Chrono Boost)  
  20  1:17  Probe (Chrono Boost)  
  20  1:23  Cybernetics Core  
  21  1:29  Probe  
  22  1:35  Pylon  
  22  1:41  Probe  
  23  1:53  Probe  
  24  2:00  Adept, Stalker  
  24  2:01  Warp Gate  
  28  2:10  Pylon  
  28  2:23  Stargate  
  28  2:28  Pylon  
  28  2:35  Stalker  
  30  2:38  Stalker  
  32  3:04  Gateway  
  32  3:10  Phoenix (Chrono Boost)  
  32  3:12  Stalker  
  32  3:29  Stalker  
  32  3:32  Shield Battery  
  34  3:37  Pylon  
  34  3:38  Phoenix (Chrono Boost)  
  36  3:50  Stalker  
  36  4:03  Stalker  
  36  4:07  Stalker  
  40  4:19  Stalker  
  34  4:40  Stalker x2  
  38  4:47  Stalker  
Tags
 
Add a new tag
Caveats
  • Supply blocks, unpowered buildings, or Contaminate may cause inaccurate times.
  • Supply counts are checked every 10 seconds.